 Dungeon Crawl Stone Soup version 0.19-a0-475-gfca3800 (webtiles) character file.

618 namelastname112 the Purveyor of Pain (level 7, -2/52 HPs)
             Began as a Formicid Necromancer on June 4, 2016.
             Was an Initiate of Kikubaaqudgha.
             Slain by a centaur
             ... wielding a +0 short sword
              (11 damage)
             ... on level 5 of the Dungeon.
             The game lasted 00:08:41 (5210 turns).

namelastname112 the Purveyor of Pain (FoNe)         Turns: 5210, Time: 00:08:42

Health: -2/52      AC:  7    Str: 12    XL:     7   Next: 74%
Magic:  11/13      EV: 13    Int: 16    God:    Kikubaaqudgha [......]
Gold:   236        SH:  0    Dex: 14    Spells: 4 memorised, 6 levels left

rFire  . . .     SeeInvis +     u - +2 dagger (protect)
rCold  . . .     Gourm    .     a - +0 robe
rNeg   . . .     Faith    .     (no shield)
rPois  +         Spirit   .     (helmet unavailable)
rElec  .         Dismiss  .     (no cloak)
rCorr  .         Reflect  .     (no gloves)
SustAt .         Harm     .     (no boots)
MR     .....                    (no amulet)
Stlth  ++........               h - ring of poison resistance
                                r - +2 ring of dexterity (curse)

@: lethally poisoned (-2 -> -3), not resistant to hostile enchantments,
unstealthy
A: permanent stasis, dig shafts and tunnels, four strong arms, antennae 3
a: Dig, Shaft Self, Renounce Religion


You were on level 5 of the Dungeon.
You worshipped Kikubaaqudgha.
Kikubaaqudgha was noncommittal.
You were not hungry.

You visited 2 branches of the dungeon, and saw 6 of its levels.

You collected 236 gold pieces.

Inventory:

Hand Weapons
 u - a +2 dagger of protection (weapon)
Armour
 a - a +0 robe (worn)
Jewellery
 f - an uncursed ring of sustain attributes
 h - a ring of poison resistance (right hand)
 r - a cursed +2 ring of dexterity (left hand)
Wands
 e - a wand of lightning (1/15)
Scrolls
 d - 2 scrolls of teleportation {unknown}
 g - 4 scrolls of remove curse {unknown}
 i - a scroll of random uselessness {unknown}
 j - a scroll of fear {unknown}
 m - 5 scrolls of identify {unknown}
 o - 2 scrolls of enchant weapon {unknown}
 t - a scroll of enchant armour {unknown}
Potions
 k - a potion of lignification {unknown}
 l - a potion of agility {unknown}
 p - a potion of curing
 q - a potion of invisibility {unknown}
 s - a potion of heal wounds {unknown}
Books
 b - a book of Necromancy

   Spells                             Type                      Level
   a - Pain                           Necromancy                   1
   b - Animate Skeleton               Necromancy                   1
   c - Vampiric Draining              Necromancy                   3
   d - Regeneration                   Charms/Necromancy            3
   e - Animate Dead                   Necromancy                   4
   f - Control Undead                 Necromancy                   4
 n - a book of the Sky

   Spells                             Type                      Level
   a - Summon Lightning Spire         Summoning/Air                4
   b - Airstrike                      Air                          4
   c - Silence                        Hexes/Air                    5
   d - Deflect Missiles               Charms/Air                   6
   e - Conjure Ball Lightning         Conjuration/Air              6
   f - Tornado                        Air                          9
Comestibles
 c - 4 bread rations
 v - a chunk of flesh


   Skills:
 + Level 3.1 Fighting
 + Level 3.5 Dodging
 - Level 2.4 Stealth
 + Level 4.2 Spellcasting
 * Level 6.4 Necromancy


You had 6 spell levels left.
You knew the following spells:

 Your Spells              Type           Power        Failure   Level  Hunger
a - Animate Skeleton      Necr           N/A          1%          1    None
d - Regeneration          Chrm/Necr      ##........   14%         3    ###....
s - Vampiric Draining     Necr           ###.......   3%          3    ###....
z - Pain                  Necr           ###.         1%          1    None


Dungeon Overview and Level Annotations

Branches:
Dungeon (5/15)             Temple (1/1) D:4

Altars:
Ashenzari
Dithmenos
Elyvilon
Gozag
Kikubaaqudgha
Makhleb
Nemelex Xobeh
Okawaru
Qazlal
Ru
Vehumet
Yredelemnul
Zin
The Shining One


Innate Abilities, Weirdness & Mutations

You are under a permanent stasis effect.
You can dig through walls and to a lower floor.
Your four strong arms can wield two-handed weapons with a shield.
You have a pair of large antennae on your head. (SInv)


Message History

You hit the centaur but do no damage.
The centaur is severely wounded.
The centaur hits you with an uncursed short sword!
The adder bites you but does no damage.
The centaur hits you with an uncursed short sword.
You take 8 damage, and have 16/52 hp.
You barely miss the centaur.
The centaur is severely wounded.
The adder bites you.
* * * LOW HITPOINT WARNING * * *
You are poisoned.
The adder poisons you! The centaur closely misses you. The adder bites you.
* * * LOW HITPOINT WARNING * * *
You take 6 damage, and have 10/52 hp.
You hit the centaur but do no damage.
The centaur is severely wounded.
You feel sick.
The centaur hits you with an uncursed short sword!
You die...
Kikubaaqudgha rasps: "You have failed me!
Welcome... death!"

#........# #........# #
#........#########
#........#........
.######..........#######
..........!.............
#...........).......>...
###.............########
......S@((...#.##
...#/.c.#.#..#.#######
.....####.#..........#
.... #........>...###
... ................ ..
###............. .
........##..##..
#######.###.##.#
#..##.....


You could see a centaur and an adder.

Vanquished Creatures
  Edmund (D:5)
  2 hounds (D:4)
  5 orc wizards (D:4)
  An iguana (D:4)
  2 worker ants
  A worker ant zombie (D:5)
  9 adders
  A shadow imp (D:5)
  2 adder skeletons (D:4)
  A worm (D:2)
  2 dart slugs (D:1)
  A giant gecko (D:1)
  11 orcs
  8 bats
  7 giant cockroaches
  2 goblins (D:1)
  10 hobgoblins
  11 jackals
  A ball python skeleton (D:4)
  4 giant newts
  10 kobolds
  10 rats
102 creatures vanquished.

Vanquished Creatures (collateral kills)
  An adder (D:3)
  A howler monkey skeleton (D:4)
  A worm (D:2)
  A dart slug (D:1)
  A bat (D:1)
  A goblin (D:1)
  A kobold (D:2)
  A quokka (D:3)
  A giant newt (D:1)
  A rat (D:3)
10 creatures vanquished.

Grand Total: 112 creatures vanquished

Notes
Turn   | Place    | Note
--------------------------------------------------------------
     0 | D:1      | namelastname112 the Formicid Necromancer began the quest for the Orb.
     0 | D:1      | Reached XP level 1. HP: 13/13 MP: 3/3
   108 | D:1      | Learned a level 1 spell: Animate Skeleton
   275 | D:1      | Reached XP level 2. HP: 14/19 MP: 1/5
   842 | D:1      | Reached XP level 3. HP: 19/25 MP: 4/6
  1565 | D:1      | Learned a level 3 spell: Vampiric Draining
  1617 | D:2      | Reached XP level 4. HP: 25/31 MP: 2/8
  2064 | D:2      | Found a shadowy altar of Dithmenos.
  2344 | D:2      | Found a stormy altar of Qazlal.
  2408 | D:2      | Reached XP level 5. HP: 27/36 MP: 4/9
  2647 | D:3      | Reached skill level 5 in Necromancy
  2753 | D:3      | Reached skill level 1 in Fighting
  2771 | D:3      | Learned a level 3 spell: Regeneration
  2790 | D:3      | Found a radiant altar of Vehumet.
  2869 | D:3      | Found a burning altar of Makhleb.
  2914 | D:3      | Found a sparkling altar of Nemelex Xobeh.
  2914 | D:3      | Found an opulent altar of Gozag.
  3144 | D:3      | jacquesderrida: УБИЛИ
  3562 | D:4      | Reached XP level 6. HP: 16/43 MP: 2/11
  3714 | D:4      | crauler: фонит
  3720 | D:4      | Found a staircase to the Ecumenical Temple.
  3740 | Temple   | Entered the Ecumenical Temple
  3791 | Temple   | Became a worshipper of Kikubaaqudgha
  4125 | D:4      | Reached XP level 7. HP: 37/51 MP: 9/12
  4173 | D:4      | Reached skill level 6 in Necromancy
  4869 | D:5      | Entered Level 5 of the Dungeon
  4884 | D:5      | Noticed Edmund
  4915 | D:5      | jacquesderrida: каруселер
  4942 | D:5      | Killed Edmund
  5210 | D:5      | Slain by a centaur

Vault maps used:
D:1:      minmay_arrival_jagged, st_stairs_9, columned_hall_lemuel
D:2:      nicolae_qazlal_general_emergency, nicolae_overflow_crystal_walls
D:3:      grunt_temple_overflow_opulence, lemuel_round_altar,
          nicolae_overflow_hidden_temple
D:4:      lemuel_upstairs_altar, minmay_temple_entry_trees, first_bread
D:5:      lemuel_crystal_altar, kennysheep_little_box, bloody_trog,
          serial_shops, shop_fountains, uniq_edmund, uniq_pikel
Temple:   minmay_temple_bridge_a_8

Skill      XL: |  1  2  3  4  5  6  7 |
---------------+----------------------+-----
Dodging        | 2 3 |  3.5
Spellcasting   | 3 4 |  4.2
Necromancy     | 5 6 |  6.4
Fighting       | 1 2 3 |  3.1
Stealth        | |  2.4

Action                   |  1- 3 |  4- 6 |  7- 9 || total
-------------------------+-------+-------+-------++-------
Melee: Short sword       |    46 |   131 |       ||   177
       Flail             |       |    64 |       ||    64
       Dagger            |       |       |   109 ||   109
 Cast: Pain              |    44 |    50 |    10 ||   104
       Animate Skeleton  |    12 |    16 |     3 ||    31
       Vampiric Draining |       |     9 |     9 ||    18
 Stab: Sleeping          |       |     2 |       ||     2
  Eat: Chunk             |     3 |     7 |     3 ||    13
       Royal jelly       |       |     1 |       ||     1
       Beef jerky        |       |       |     1 ||     1
Armor: Robe              |     4 |    42 |    30 ||    76
Dodge: Dodged            |    48 |   167 |    75 ||   290
